cohdb
Replays
Latest Replays
All Replays
Popular Replays
Top Player Replays
Match Explorer
How It Works
Community
CoH3 Stats
Reddit
Sign in to upload your games and track your stats! →
Sign in with Steam
Match 42515585
Unlisted
Match 42515585
Overview
Messages
Build Orders
End
Construct Section Command Post
Royal Engineer Section
Selects Heavy Armor Battlegroup
Infantry Section
Vickers Machine Gun Team
Infantry Section
Construct Field Infirmary
Infantry Section
Selects Engineer Detachments
Construct Platoon Command Post
Selects Forward Repair Assembly
Unlock M3 Stuart Light Tanks
M3 Stuart Light Tank
Grenade Package
Royal Engineer Section
M3 Stuart Light Tank
Royal Engineer Section
M3 Stuart Light Tank
Royal Engineer Section
Royal Engineer Section
Freaky
(502) Bad Gateway
0
0
Comments
sign in to comment!
No comments posted yet!